 Dungeon Crawl Stone Soup version 0.25-a0-834-g55863b0 (webtiles) character file.

Game seed: 8822066403648811863, levelgen mode: deterministic

608 Faca the Skirmisher (level 7, 0/64 HPs)
             Began as a Ghoul Fighter on Apr 22, 2020.
             Slain by a gnoll
             ... wielding a cursed -3 spear
              (2 damage)
             ... on level 5 of the Dungeon.
             The game lasted 00:07:34 (4060 turns).

Faca the Skirmisher (Ghoul Fighter)                 Turns: 4060, Time: 00:07:35

Health: 0/64       AC:  8    Str: 22    XL:     7   Next: 43%
Magic:  6/6        EV:  5    Int:  3    God:
Gold:   246        SH:  8    Dex:  8    Spells: 6/6 levels left

rFire    . . .     SeeInvis .     - Unarmed
rCold    + . .     Gourm    .   b - +0 kite shield
rNeg     + + +     Faith    .   j - +0 chain mail
rPois    ∞         Spirit   .   (no helmet)
rElec    .         Reflect  .   (no cloak)
rCorr    .         Harm     .   (no gloves)
MR       .....                  (no boots)
Stlth    ..........             (no amulet)
HPRegen  0.00/turn              (no ring)
MPRegen  0.10/turn              (no ring)

@: rotting
A: rotting body, claws 1, carnivore, cold resistance 1, negative energy
resistance 3, inhibited regeneration, torment resistance, unbreathing
a: no special abilities


You were on level 5 of the Dungeon.
You were not hungry.

You visited 1 branch of the dungeon, and saw 5 of its levels.

You collected 246 gold pieces.

Inventory:

Missiles
 p - 2 throwing nets (quivered)
Armour
 b - a +0 kite shield (worn)
 e - a +0 tower shield
 j - a +0 chain mail (worn)
Scrolls
 a - 4 scrolls of teleportation
 h - a scroll of enchant weapon
 l - a scroll of enchant armour {unknown}
 m - 2 scrolls of immolation
Potions
 f - a potion of curing {unknown}
 g - 3 potions of stabbing
 i - 2 potions of heal wounds
 k - 3 potions of flight
 n - a potion of mutation {unknown}
 o - a potion of invisibility
Comestibles
 c - 5 chunks of flesh
 d - 18 rations


   Skills:
 + Level 6.8 Fighting
 - Level 2.6 Armour
 - Level 2.6 Shields
 + Level 6.4 Unarmed Combat


You had 6 spell levels left.
You didn't know any spells.
Your spell library was empty.

Dungeon Overview and Level Annotations

Branches:
Dungeon (5/15)
 Temple: D:4-7

Altars:
Ashenzari
Cheibriados
Dithmenos
Gozag
Hepliaklqana
Kikubaaqudgha
Nemelex Xobeh
Okawaru
Qazlal
Trog
Uskayaw
Vehumet
Yredelemnul

Shops:
D:4 =


Innate Abilities, Weirdness & Mutations

Your body is rotting away.
You thrive on raw meat.
You are immune to poison.
You have sharp fingernails.
You are carnivorous and can eat meat at any time.
Your flesh is cold resistant. (rC+)
You are immune to negative energy. (rN+++)
You do not regenerate when monsters are visible.
You are immune to unholy pain and torment.
You can survive without breathing.


Message History

* * * LOW HITPOINT WARNING * * *
The gnoll hits you but does no damage.
You closely miss the iguana.
The iguana is almost dead.
The iguana bites you!
* * * LOW HITPOINT WARNING * * *
The gnoll hits you but does no damage.
You claw the iguana!
You kill the iguana!
The gnoll closely misses you.
The gnoll hits you with a cursed -3 spear.
* * * LOW HITPOINT WARNING * * *
Things that are here:
a +0 halberd; a gnoll corpse You scratch the gnoll.
The gnoll is lightly wounded.
You closely miss the gnoll.
The gnoll is lightly wounded.
The gnoll hits you with a cursed -3 spear.
You die...

.......# ###....#######
.......#######.!.####
.......#...(...###
.........#######
.......### # .......#
########.# .......###
#........#
.........########g....###
###..###........@..)....#
#....###########.....#...
#....# #......... #....#
#....##>.( #....# #....#
.. #...(# #....# . ######
#....# #....#


You could see a gnoll.

Vanquished Creatures
  An ice beast (D:5)
  An orc warrior (D:5)
  A scorpion (D:4)
  A jelly (D:4)
  A hound (D:4)
  2 orc wizards
  An iguana (D:5)
  2 worker ants (D:4)
  7 adders
  3 gnolls (D:5)
  A dart slug (D:1)
  4 leopard geckos
  12 orcs
  2 giant cockroaches
  4 goblins
  11 hobgoblins
  5 jackals
  4 quokkas
  5 bats
  7 frilled lizards
  5 kobolds
  A leopard gecko skeleton (D:4)
  A leopard gecko zombie (D:5)
  A quokka skeleton (D:4)
  9 rats
  A spectral orc (D:5)
93 creatures vanquished.

Notes
Turn   | Place    | Note
-------+----------+-------------------------------------------
     0 | D:1      | Faca the Ghoul Fighter began the quest for the Orb.
     0 | D:1      | Reached XP level 1. HP: 19/19 MP: 0/0
   173 | D:1      | Reached XP level 2. HP: 26/26 MP: 1/1
   424 | D:1      | Reached XP level 3. HP: 23/33 MP: 2/2
  1361 | D:2      | Reached XP level 4. HP: 40/41 MP: 3/3
  1383 | D:2      | Found a shadowy altar of Dithmenos.
  1386 | D:2      | Found a stormy altar of Qazlal.
  1387 | D:2      | Found a snail-covered altar of Cheibriados.
  1387 | D:2      | Found a sparkling altar of Nemelex Xobeh.
  1387 | D:2      | Found an iron altar of Okawaru.
  1387 | D:2      | Found a shattered altar of Ashenzari.
  1387 | D:2      | Found a radiant altar of Vehumet.
  1389 | D:2      | Found an ancient bone altar of Kikubaaqudgha.
  1390 | D:2      | Found a hide-covered altar of Uskayaw.
  1392 | D:2      | Found a bloodstained altar of Trog.
  2170 | D:3      | Found a hazy altar of Hepliaklqana.
  2426 | D:4      | Found Caamuock's Jewellery Boutique.
  2539 | D:4      | Reached XP level 5. HP: 42/46 MP: 4/4
  2564 | D:4      | Reached skill level 5 in Fighting
  2849 | D:4      | Reached skill level 5 in Unarmed Combat
  2849 | D:4      | Reached XP level 6. HP: 29/56 MP: 5/5
  3385 | D:5      | Entered Level 5 of the Dungeon
  3394 | D:5      | Noticed an orc warrior
  3654 | D:5      | Found a basalt altar of Yredelemnul.
  3804 | D:5      | Killed an orc warrior
  3804 | D:5      | Reached XP level 7. HP: 45/61 MP: 6/6
  3840 | D:5      | Found an opulent altar of Gozag.
  4056 | D:5      | HP: 3/64 [iguana (10)]
  4060 | D:5      | Slain by a gnoll

Levels and vault maps discovered:
D:1:      scummos_arrival_simple_crosswalls, layout_loops_ring, serial_aquarium,
          aquarium_bridge_straight [aquarium_subvault_bridge,
          aquarium_subvault_window, aquarium_subvault_bridge,
          aquarium_subvault_balcony], aquarium_window_fake, aquarium_window_2,
          aquarium_view_2b, aquarium_pool_corner, hangedman_glass_teeth,
          minmay_nonomino_d4
D:2:      kb_forest_paths, layout_basic, minitemple, first_ration
D:3:      layout_loops_ring, lemuel_crystal_altar, minmay_vboxes
D:4:      cheibrodos_helix_gallery, layout_basic, serial_shops,
          nicolae_shop_statue_plus
D:5:      layout_rooms, yredelemnul_forgotten_temple_becter,
          lemuel_crystal_altar, serial_glass, glass_columns_a, glass_columns_a,
          cheibrodos_sewer_entry_bend, kennysheep_generic_room_3

Skill      XL: |  1  2  3  4  5  6  7 |
---------------+----------------------+-----
Unarmed Combat | 3 4 5 6 |  6.4
Fighting       | 4 5 6 |  6.8
Armour         | |  2.6
Shields        | |  2.6

Action                   |  1- 3 |  4- 6 |  7- 9 || total
-------------------------+-------+-------+-------++-------
Melee: Unarmed           |   139 |   178 |    34 ||   351
  Use: Scroll            |     6 |     8 |       ||    14
       Potion            |       |     1 |       ||     1
  Eat: Chunk             |    10 |     5 |     3 ||    18
Armor: Scale mail        |    41 |       |       ||    41
       Chain mail        |    19 |    91 |    22 ||   132
Dodge: Dodged            |    41 |    40 |     8 ||    89
Block: Kite shield       |    47 |    74 |    13 ||   134

Table legend:
 A = Non-vault XP
 B = Vault XP
 C = Vault XP percentage of total XP
 D = Non-vault monster count
 E = Vault monster count
 F = Vault count percentage of total count
                 A         B        C        D         E       F
            +---------+---------+-------+---------+---------+-------
      Total |     819 |      50 |   5.8 |      78 |      15 |  16.1
            +---------+---------+-------+---------+---------+-------
        D:1 |      36 |       6 |  14.3 |      20 |       3 |  13.0
        D:2 |      18 |      23 |  56.1 |      13 |       6 |  31.6
        D:3 |      26 |      19 |  42.2 |       8 |       4 |  33.3
        D:4 |     338 |       1 |   0.3 |      17 |       1 |   5.6
        D:5 |     401 |       1 |   0.2 |      20 |       1 |   4.8
            +---------+---------+-------+---------+---------+-------
